Workbook

Sheet Orçamento
D3: PLANILHA ORÇAMENTÁRIA
B5: OBSERVAÇÕES:
C6: 1 - As informações mínimas que deverão constar da planilha são: Númeração do Item, Discriminação,
C7: Unidade, Quantidade, Custo Unitário do material, Custo Unitário de Mão de Obra, Custo total do
C8: Material por item, Custo total de Mão de Obra por Item, Subtotais de Material, subtotais de Mão de
C9: Obra, Total Geral de Material, Total Geral de Mão de Obra e Total Geral do Orçamento.
C10: 2 - A Planilha orçamentária abaixo deverá ser apresentada utilizando papel timbrado da empresa;
C11: 3 - Os Valores constantes na planilha deverão ser o valores de mercado, sem a aplicação do BDI;
C12: 4 - O BDI deverá estar destacado ao final da tabela, com o preenchimento dos campos específicos,
C13: conforme abaixo. A composição do BDI aplicado deverá ser detalhada.
C14: 5 - Os itens elencados abaixo são referentes a obra ora em licitação, e servirão de referências
C15: para cotação. Os itens e quantidade, deverão ser adaptados e quantificados conforme memorial
C16: descritivo desta licitação. Acréscimos e formatação da mesma são de responsabilidade da empresa.
B18: Obra
B19: SESC CHAPECÓ - ACESSIBILIDADE ESCOLA
D23: Item | E23: Descrição | F23: Und | G23: Quant. | H23: Valor Unit | K23: Total
H24: MAT. | I24: M. O. | J24: Total | K24: MAT. | L24: M. O. | M24: Total
D25: 1 | E25: SERVIÇOS INICIAIS | M25: =SUM(M26,M37,M44,M49) -> 0
D26: 1.1 | E26: SERVIÇOS PRELIMINARES | M26: =SUM(M27) -> 0
D27: 1.1.1 | E27: DEMOLIÇÕES, REMOÇÕES E RETIRADAS | M27: =TRUNC(SUM(M28:M34),2) -> 0
D28: 1.1.1.1 | E28: DEMOLIÇÃO DE REVESTIMENTO CERÂMICO, DE FORMA MANUAL, SEM REAPROVEITAMENTO. AF_09/2023 | F28: m² | G28: 116.41 | H28: 0 | I28: 0 | J28: =TRUNC(SUM(H28:I28),2) -> 0 | K28: =TRUNC(G28*H28,2) -> 0 | L28: =TRUNC(G28*I28,2) -> 0 | M28: =TRUNC(SUM(K28,L28),2) -> 0
D29: 1.1.1.2 | E29: DEMOLIÇÃO DE ALVENARIA PARA QUALQUER TIPO DE BLOCO, DE FORMA MECANIZADA, SEM REAPROVEITAMENTO. AF_09/2023 | F29: m³ | G29: 3.6 | H29: 0 | I29: 0 | J29: =TRUNC(SUM(H29:I29),2) -> 0 | K29: =TRUNC(G29*H29,2) -> 0 | L29: =TRUNC(G29*I29,2) -> 0 | M29: =TRUNC(SUM(K29,L29),2) -> 0
D30: 1.1.1.3 | E30: REMOÇÃO DE PORTAS, DE FORMA MANUAL, SEM REAPROVEITAMENTO. AF_09/2023 | F30: m² | G30: 1.68 | H30: 0 | I30: 0 | J30: =TRUNC(SUM(H30:I30),2) -> 0 | K30: =TRUNC(G30*H30,2) -> 0 | L30: =TRUNC(G30*I30,2) -> 0 | M30: =TRUNC(SUM(K30,L30),2) -> 0
D31: 1.1.1.4 | E31: RETIRADA DE MARCOS/ADUELAS DE MADEIRA | F31: un | G31: 1 | H31: 0 | I31: 0 | J31: =TRUNC(SUM(H31:I31),2) -> 0 | K31: =TRUNC(G31*H31,2) -> 0 | L31: =TRUNC(G31*I31,2) -> 0 | M31: =TRUNC(SUM(K31,L31),2) -> 0
D32: 1.1.1.5 | E32: REMOÇÃO DE JANELAS, DE FORMA MANUAL, SEM REAPROVEITAMENTO. AF_09/2023 | F32: m² | G32: 13.73 | H32: 0 | I32: 0 | J32: =TRUNC(SUM(H32:I32),2) -> 0 | K32: =TRUNC(G32*H32,2) -> 0 | L32: =TRUNC(G32*I32,2) -> 0 | M32: =TRUNC(SUM(K32,L32),2) -> 0
D33: 1.1.1.6 | E33: REMOÇÃO DE BANCADA DE GRANITO | F33: m² | G33: 1.02 | H33: 0 | I33: 0 | J33: =TRUNC(SUM(H33:I33),2) -> 0 | K33: =TRUNC(G33*H33,2) -> 0 | L33: =TRUNC(G33*I33,2) -> 0 | M33: =TRUNC(SUM(K33,L33),2) -> 0
D34: 1.1.1.7 | E34: REMOÇÃO DE METAIS SANITÁRIOS, DE FORMA MANUAL, SEM REAPROVEITAMENTO. AF_09/2023 | F34: un | G34: 2 | H34: 0 | I34: 0 | J34: =TRUNC(SUM(H34:I34),2) -> 0 | K34: =TRUNC(G34*H34,2) -> 0 | L34: =TRUNC(G34*I34,2) -> 0 | M34: =TRUNC(SUM(K34,L34),2) -> 0
E35: TOTAIS | K35: =SUM(K28:K34) -> 0 | L35: =SUM(L28:L34) -> 0
L36: =SUM(K35:L35) -> 0
D37: 1.2 | E37: INSTALAÇÕES PROVISÓRIAS | M37: =TRUNC(SUM(M38:M39),2) -> 0
D38: 1.2.1 | E38: Placa de Obra 2,0x2,0m com pintura esmalte - Fornecimento e Instalação | F38: un | G38: 1 | H38: 0 | I38: 0 | J38: =TRUNC(SUM(H38:I38),2) -> 0 | K38: =TRUNC(G38*H38,2) -> 0 | L38: =TRUNC(G38*I38,2) -> 0 | M38: =TRUNC(SUM(K38,L38),2) -> 0
D39: 1.2.2 | E39: TAPUME COM COMPENSADO DE MADEIRA. AF_03/2024 | F39: m² | G39: 15.8 | H39: 0 | I39: 0 | J39: =TRUNC(SUM(H39:I39),2) -> 0 | K39: =TRUNC(G39*H39,2) -> 0 | L39: =TRUNC(G39*I39,2) -> 0 | M39: =TRUNC(SUM(K39,L39),2) -> 0
D40: 1.2.1 | E40: FITA ZEBRADA DE SINALIZAÇÃO DE ÁREA | F40: un | G40: 3 | H40: 0 | I40: 0 | J40: =TRUNC(SUM(H40:I40),2) -> 0 | K40: =TRUNC(G40*H40,2) -> 0 | L40: =TRUNC(G40*I40,2) -> 0 | M40: =TRUNC(SUM(K40,L40),2) -> 0
D41: 1.2.2 | E41: ANDAIME INTERNO DE MADEIRA SOBRE CAVALETES | F41: m² | G41: 1.5 | H41: 0 | I41: 0 | J41: =TRUNC(SUM(H41:I41),2) -> 0 | K41: =TRUNC(G41*H41,2) -> 0 | L41: =TRUNC(G41*I41,2) -> 0 | M41: =TRUNC(SUM(K41,L41),2) -> 0
E42: TOTAIS | K42: =TRUNC(SUM(K38:K39),2) -> 0 | L42: =TRUNC(SUM(L38:L39),2) -> 0
L43: =SUM(K42:L42) -> 0
D44: 1.3 | E44: ADMINISTRAÇÃO DOS SERVIÇOS | M44: =TRUNC(SUM(M45:M46),2) -> 0
D45: 1.3.1 | E45: ART DE OBRAS E SERVIÇOS | F45: un | G45: 1 | H45: 0 | I45: 0 | J45: =TRUNC(SUM(H45:I45),2) -> 0 | K45: =TRUNC(G45*H45,2) -> 0 | L45: =TRUNC(G45*I45,2) -> 0 | M45: =TRUNC(SUM(K45,L45),2) -> 0
D46: 1.3.2 | E46: MESTRE DE OBRAS COM ENCARGOS COMPLEMENTARES | F46: mês | G46: 2 | H46: 0 | I46: 0 | J46: =TRUNC(SUM(H46:I46),2) -> 0 | K46: =TRUNC(G46*H46,2) -> 0 | L46: =TRUNC(G46*I46,2) -> 0 | M46: =TRUNC(SUM(K46,L46),2) -> 0
E47: TOTAIS | K47: =TRUNC(SUM(K45:K46),2) -> 0 | L47: =TRUNC(SUM(L45:L46),2) -> 0
L48: =SUM(K47:L47) -> 0
D49: 1.4 | E49: LIMPEZA DA OBRA | M49: =TRUNC(SUM(M50:M50),2) -> 0
D50: 1.4.1 | E50: LIMPEZA PERMANENTE EM OBRA | F50: mês | G50: 2 | H50: 0 | I50: 0 | J50: =TRUNC(SUM(H50:I50),2) -> 0 | K50: =TRUNC(G50*H50,2) -> 0 | L50: =TRUNC(G50*I50,2) -> 0 | M50: =TRUNC(SUM(K50,L50),2) -> 0
D51: 1.4.2 | E51: Remoção de entulho, inclusive o transporte e descarga em caçambas de aço - em unidades de, até, 5m³ | F51: m² | G51: 3 | H51: 0 | I51: 0 | J51: =TRUNC(SUM(H51:I51),2) -> 0 | K51: =TRUNC(G51*H51,2) -> 0 | L51: =TRUNC(G51*I51,2) -> 0 | M51: =TRUNC(SUM(K51,L51),2) -> 0
E52: TOTAIS | K52: =TRUNC(SUM(K50:K50),2) -> 0 | L52: =TRUNC(SUM(L50:L50),2) -> 0
L53: =SUM(K52:L52) -> 0
D54: 2 | E54: VEDAÇÕES - ALVENARIA E DIVISÓRIAS | M54: =SUM(M55,#REF!) -> #REF!
D55: 2.1 | E55: BLOCOS E TIJOLOS | M55: =TRUNC(SUM(M56:M56),2) -> 0
D56: 2.1.1 | E56: ALVENARIA DE VEDAÇÃO DE BLOCOS CERÂMICOS FURADOS NA HORIZONTAL DE 14X9X19 CM (ESPESSURA 14 CM, BLOCO DEITADO) E ARGAMASSA DE ASSENTAMENTO COM PREPARO EM BETONEIRA. AF_12/2021 | F56: m² | G56: 51.88 | H56: 0 | I56: 0 | J56: =TRUNC(SUM(H56:I56),2) -> 0 | K56: =TRUNC(G56*H56,2) -> 0 | L56: =TRUNC(G56*I56,2) -> 0 | M56: =TRUNC(SUM(K56,L56),2) -> 0
E57: TOTAIS | K57: =TRUNC(SUM(K56:K56),2) -> 0 | L57: =TRUNC(SUM(L56:L56),2) -> 0
L58: =SUM(K57:L57) -> 0
D59: 3 | E59: ESQUADRIAS | M59: =SUM(M60+M64) -> 0
D60: 3.1 | E60: ESQUADRIAS DE MADEIRA | M60: =TRUNC(SUM(M61:M63),2) -> 0
D61: 3.1.1 | E61: Fornecimento e instalação de Porta semi-oca, 1 folha, em madeira, (0,60/0,70/0,80/0,90x2,10m) acabamento em pintura com tinta esmalte na cor branca, completa com marco, contramarco e guarnições. Dobradiças em metal alumínio natural, com parafusos de fixação e fechadura de alavanca com pegador | F61: un | G61: 1 | H61: 0 | I61: 0 | J61: =TRUNC(SUM(H61:I61),2) -> 0 | K61: =TRUNC(G61*H61,2) -> 0 | L61: =TRUNC(G61*I61,2) -> 0 | M61: =TRUNC(SUM(K61,L61),2) -> 0
D62: 3.1.2 | E62: PORTA DIVISÓRIA EM MADEIRA, DIM.: 60x180cm. REVESTIDA EM LAMINADO MELAMÍNICO. INCLUINDO ADUELA, MARCO, BATENTE, DOBRADIÇAS, ALIZAR, GUARNIÇÃO, FECHADURA LIVRE/OCUPADO PARA SANITÁRIOS. | F62: un | G62: 1 | H62: 0 | I62: 0 | J62: =TRUNC(SUM(H62:I62),2) -> 0 | K62: =TRUNC(G62*H62,2) -> 0 | L62: =TRUNC(G62*I62,2) -> 0 | M62: =TRUNC(SUM(K62,L62),2) -> 0
D63: 3.1.3 | E63: PLACA TATIL BRAILLE ACRILICO 15x7,5cm | F63: un | G63: 2 | H63: 0 | I63: 0 | J63: =TRUNC(SUM(H63:I63),2) -> 0 | K63: =TRUNC(G63*H63,2) -> 0 | L63: =TRUNC(G63*I63,2) -> 0 | M63: =TRUNC(SUM(K63,L63),2) -> 0
D64: 3.2 | E64: ESQUADRIAS DE ALUMÍNIO | M64: =TRUNC(SUM(M65:M66),2) -> 0
D65: 3.2.1 | E65: JANELA DE ALUMÍNIO TIPO MAXIM-AR EM PINTURA ELETROSTATICA PRETA, COM VIDROS, BATENTE E FERRAGENS. EXCLUSIVE ALIZAR, ACABAMENTO E CONTRAMARCO E BANDEIRA FIXA. FORNECIMENTO E INSTALAÇÃO. - 1.60 X 0.80 - 4 UN | F65: m² | G65: 5.12 | H65: 0 | I65: 0 | J65: =TRUNC(SUM(H65:I65),2) -> 0 | K65: =TRUNC(G65*H65,2) -> 0 | L65: =TRUNC(G65*I65,2) -> 0 | M65: =TRUNC(SUM(K65,L65),2) -> 0
D66: 3.2.2 | E66: JANELA DE ALUMÍNIO TIPO MAXIM-AR EM PINTURA ELETROSTATICA PRETA, COM VIDROS, BATENTE E FERRAGENS. EXCLUSIVE ALIZAR, ACABAMENTO E CONTRAMARCO E BANDEIRA FIXA. FORNECIMENTO E INSTALAÇÃO. - 1.35 X 0.80 - 1 UN | F66: m² | G66: 1.08 | H66: 0 | I66: 0 | J66: =TRUNC(SUM(H66:I66),2) -> 0 | K66: =TRUNC(G66*H66,2) -> 0 | L66: =TRUNC(G66*I66,2) -> 0 | M66: =TRUNC(SUM(K66,L66),2) -> 0
E67: TOTAIS | K67: =TRUNC(SUM(K61:K66),2) -> 0 | L67: =TRUNC(SUM(L61:L66),2) -> 0
L68: =SUM(K67:L67) -> 0
D69: 4 | E69: REVESTIMENTOS, PINTURAS, ACESSÓRIOS SANITÁRIOS | M69: =SUM(M70+M72+M76+M78+M82) -> 0
D70: 4.1 | E70: REVESTIMENTOS PAREDES INTERNAS E EXTERNAS | M70: =TRUNC(SUM(M71:M71),2) -> 0
D71: 4.1.1 | E71: EMBOÇO OU MASSA ÚNICA EM ARGAMASSA TRAÇO 1:2:8, PREPARO MECÂNICO COM BETONEIRA 400 L, APLICADA MANUALMENTE EM PANOS DE FACHADA COM PRESENÇA DE VÃOS, ESPESSURA DE 25 MM. AF_08/2022 | F71: m² | G71: 109.09 | H71: 0 | I71: 0 | J71: =TRUNC(SUM(H71:I71),2) -> 0 | K71: =TRUNC(G71*H71,2) -> 0 | L71: =TRUNC(G71*I71,2) -> 0 | M71: =TRUNC(SUM(K71,L71),2) -> 0
D72: 4.2 | E72: PINTURA INTERNAS E EXTERNAS | M72: =TRUNC(SUM(M73:M75),2) -> 0
D73: 4.2.1 | E73: EMASSAMENTO COM MASSA LÁTEX, APLICAÇÃO EM PAREDE, DUAS DEMÃOS, LIXAMENTO MANUAL. AF_04/2023 | F73: m² | G73: 18.02 | H73: 0 | I73: 0 | J73: =TRUNC(SUM(H73:I73),2) -> 0 | K73: =TRUNC(G73*H73,2) -> 0 | L73: =TRUNC(G73*I73,2) -> 0 | M73: =TRUNC(SUM(K73,L73),2) -> 0
D74: 4.2.2 | E74: FUNDO SELADOR ACRÍLICO, APLICAÇÃO MANUAL EM PAREDE, UMA DEMÃO. AF_04/2023 | F74: m² | G74: 18.02 | H74: 0 | I74: 0 | J74: =TRUNC(SUM(H74:I74),2) -> 0 | K74: =TRUNC(G74*H74,2) -> 0 | L74: =TRUNC(G74*I74,2) -> 0 | M74: =TRUNC(SUM(K74,L74),2) -> 0
D75: 4.2.3 | E75: APLICAÇÃO MANUAL DE PINTURA EM PAREDE COM TINTA ACRILICA, SEM EMASSAMENTO, COR CORAL CINZA DE GRIFE OU EQUIVALENTE TECNICO, DUAS DEMÃOS | F75: m² | G75: 18.02 | H75: 0 | I75: 0 | J75: =TRUNC(SUM(H75:I75),2) -> 0 | K75: =TRUNC(G75*H75,2) -> 0 | L75: =TRUNC(G75*I75,2) -> 0 | M75: =TRUNC(SUM(K75,L75),2) -> 0
D76: 4.3 | E76: REVESTIMENTOS CERÂMICOS | M76: =TRUNC(SUM(M77:M77),2) -> 0
D77: 4.3.1 | E77: Fornecimento e instalação de Porcelanato esmaltado 30x60cm uso interno, retificado, superfície natural, rejunte epóxi cor branco platina. Ref.: Cetim Bianco line código 204315e ou equivalente técnico | F77: m² | G77: 109.09 | H77: 0 | I77: 0 | J77: =TRUNC(SUM(H77:I77),2) -> 0 | K77: =TRUNC(G77*H77,2) -> 0 | L77: =TRUNC(G77*I77,2) -> 0 | M77: =TRUNC(SUM(K77,L77),2) -> 0
D78: 4.5 | E78: LOUÇAS SANITÁRIAS | M78: =TRUNC(SUM(M79:M81),2) -> 0
D79: 4.5.1 | E79: BACIA SANITÁRIA COM CAIXA ACOPLADA, PARA PCD COM ACIONAMENTO DUO DE LOUÇA COR BRANCO GELO REF.: MOD.: LINHA VOGUE PLUS CONFORTO, CÓD.: P.515.17+CDC.01F.17, FAB.: DECA OU EQUIVALENTE TÉCNICO FORNECIMENTO E INSTALAÇÃO | F79: un | G79: 1 | H79: 0 | I79: 0 | J79: =TRUNC(SUM(H79:I79),2) -> 0 | K79: =TRUNC(G79*H79,2) -> 0 | L79: =TRUNC(G79*I79,2) -> 0 | M79: =TRUNC(SUM(K79,L79),2) -> 0
D80: 4.5.2 | E80: LAVATÓRIO LOUÇA BRANCA SUSPENSO, 29,5 X 39CM OU EQUIVALENTE, PADRÃO POPULAR, INCLUSO SIFÃO TIPO GARRAFA EM PVC, VÁLVULA E ENGATE FLEXÍVEL 30CM EM PLÁSTICO E TORNEIRA CROMADA DE MESA, PADRÃO POPULAR - FORNECIMENTO E INSTALAÇÃO. AF_01/2020 | F80: un | G80: 1 | H80: 0 | I80: 0 | J80: =TRUNC(SUM(H80:I80),2) -> 0 | K80: =TRUNC(G80*H80,2) -> 0 | L80: =TRUNC(G80*I80,2) -> 0 | M80: =TRUNC(SUM(K80,L80),2) -> 0
D81: 4.5.3 | E81: BACIA SANITARIA INFANTIL, DE LOUCA BRANCA, INCLUSIVE ACESSORIOS DE FIXACAO | F81: un | G81: 1 | H81: 0 | I81: 0 | J81: =TRUNC(SUM(H81:I81),2) -> 0 | K81: =TRUNC(G81*H81,2) -> 0 | L81: =TRUNC(G81*I81,2) -> 0 | M81: =TRUNC(SUM(K81,L81),2) -> 0
D82: 4.6 | E82: ACESSÓRIOS SANITÁRIOS | M82: =TRUNC(SUM(M83:M91),2) -> 0
D83: 4.6.1 | E83: BARRA DE APOIO RETA, EM ACO INOX POLIDO, COMPRIMENTO 70 CM, FIXADA NA PAREDE - FORNECIMENTO E INSTALAÇÃO. AF_01/2020 | F83: un | G83: 2 | H83: 0 | I83: 0 | J83: =TRUNC(SUM(H83:I83),2) -> 0 | K83: =TRUNC(G83*H83,2) -> 0 | L83: =TRUNC(G83*I83,2) -> 0 | M83: =TRUNC(SUM(K83,L83),2) -> 0
D84: 4.6.2 | E84: SABONETEIRA PLASTICA TIPO DISPENSER PARA SABONETE LIQUIDO COM RESERVATORIO 800 A 1500 ML | F84: un | G84: 1 | H84: 0 | I84: 0 | J84: =TRUNC(SUM(H84:I84),2) -> 0 | K84: =TRUNC(G84*H84,2) -> 0 | L84: =TRUNC(G84*I84,2) -> 0 | M84: =TRUNC(SUM(K84,L84),2) -> 0
D85: 4.6.3 | E85: PAPELEIRA PLASTICA TIPO DISPENSER PARA PAPEL HIGIENICO ROLAO | F85: un | G85: 1 | H85: 0 | I85: 0 | J85: =TRUNC(SUM(H85:I85),2) -> 0 | K85: =TRUNC(G85*H85,2) -> 0 | L85: =TRUNC(G85*I85,2) -> 0 | M85: =TRUNC(SUM(K85,L85),2) -> 0
D86: 4.6.4 | E86: TOALHEIRO PLASTICO TIPO DISPENSER PARA PAPEL TOALHA INTERFOLHADO | F86: un | G86: 1 | H86: 0 | I86: 0 | J86: =TRUNC(SUM(H86:I86),2) -> 0 | K86: =TRUNC(G86*H86,2) -> 0 | L86: =TRUNC(G86*I86,2) -> 0 | M86: =TRUNC(SUM(K86,L86),2) -> 0
D87: 4.6.5 | E87: ESPELHO CRISTAL 6MM SOBRE COMPENSADO 6MM, COM MOLDURA DE ALUMÍNIO, FIXADO COM PARAFUSOS FINASSON OU EQUIVALENTE - 0,70M X 0,50M | F87: m² | G87: 0.5 | H87: 0 | I87: 0 | J87: =TRUNC(SUM(H87:I87),2) -> 0 | K87: =TRUNC(G87*H87,2) -> 0 | L87: =TRUNC(G87*I87,2) -> 0 | M87: =TRUNC(SUM(K87,L87),2) -> 0
D88: 4.6.6 | E88: TORNEIRA CROMADA DE MESA COM ALAVANCA PARA SANITÁRIO PCD - FORNECIMENTO E INSTALAÇÃO | F88: un | G88: 1 | H88: 0 | I88: 0 | J88: =TRUNC(SUM(H88:I88),2) -> 0 | K88: =TRUNC(G88*H88,2) -> 0 | L88: =TRUNC(G88*I88,2) -> 0 | M88: =TRUNC(SUM(K88,L88),2) -> 0
D89: 4.6.7 | E89: CHUVEIRO ELÉTRICO COMUM CORPO PLÁSTICO, TIPO DUCHA - FORNECIMENTO E INSTALAÇÃO. AF_01/2020 | F89: un | G89: 1 | H89: 0 | I89: 0 | J89: =TRUNC(SUM(H89:I89),2) -> 0 | K89: =TRUNC(G89*H89,2) -> 0 | L89: =TRUNC(G89*I89,2) -> 0 | M89: =TRUNC(SUM(K89,L89),2) -> 0
D90: 4.6.9 | E90: BARRA DE APOIO EM "L", EM ACO INOX POLIDO 80 X 80 CM, FIXADA NA PAREDE - FORNECIMENTO E INSTALACAO. AF_01/2020 | F90: un | G90: 2 | H90: 0 | I90: 0 | J90: =TRUNC(SUM(H90:I90),2) -> 0 | K90: =TRUNC(G90*H90,2) -> 0 | L90: =TRUNC(G90*I90,2) -> 0 | M90: =TRUNC(SUM(K90,L90),2) -> 0
D91: 4.6.10 | E91: CADEIRA DE BANHO ARTICULADA ACESSÍVEL PARA BOX, BARRAS EM AÇO GALVANIZADO REVESTIDAS EM NYLON/PVC - FORNECIMENTO E INSTALAÇÃO | F91: un | G91: 1 | H91: 0 | I91: 0 | J91: =TRUNC(SUM(H91:I91),2) -> 0 | K91: =TRUNC(G91*H91,2) -> 0 | L91: =TRUNC(G91*I91,2) -> 0 | M91: =TRUNC(SUM(K91,L91),2) -> 0
E92: TOTAIS | K92: =SUM(K71:K91) -> 0 | L92: =SUM(L71:L91) -> 0
L93: =SUM(K92:L92) -> 0
D94: 5 | E94: PISOS | M94: =SUM(M95,M97) -> 0
D95: 5.1 | E95: IMPERMEABILIZAÇÃO | M95: =TRUNC(SUM(M96),2) -> 0
D96: 5.1.1 | E96: IMPERMEABILIZAÇÃO DE SUPERFÍCIE COM ARGAMASSA POLIMÉRICA / MEMBRANA ACRÍLICA, 3 DEMÃOS. AF_09/2023 | F96: m² | G96: 26.54 | H96: 0 | I96: 0 | J96: =TRUNC(SUM(H96:I96),2) -> 0 | K96: =TRUNC(G96*H96,2) -> 0 | L96: =TRUNC(G96*I96,2) -> 0 | M96: =TRUNC(SUM(K96,L96),2) -> 0
D97: 5.2 | E97: REVESTIMENTOS E PISOS INTERNOS E EXTERNOS | M97: =TRUNC(SUM(M98:M100),2) -> 0
D98: 5.2.1 | E98: CONTRAPISO EM ARGAMASSA TRAÇO 1:4 (CIMENTO E AREIA), PREPARO MECÂNICO COM BETONEIRA 400 L, APLICADO EM ÁREAS MOLHADAS SOBRE IMPERMEABILIZAÇÃO, ACABAMENTO NÃO REFORÇADO, ESPESSURA 4CM. AF_07/2021 | F98: m² | G98: 23.07 | H98: 0 | I98: 0 | J98: =TRUNC(SUM(H98:I98),2) -> 0 | K98: =TRUNC(G98*H98,2) -> 0 | L98: =TRUNC(G98*I98,2) -> 0 | M98: =TRUNC(SUM(K98,L98),2) -> 0
D99: 5.2.2 | E99: FORNECIMENTO E INSTALAÇÃO DE PORCELANATO VIA DURINI OFF WHITE NATURAL RETIFICADO DIMENSÕES 60x60 CM. REF.: PORTOBELLO OU EQUIVALENTE TÉCNICO | F99: m² | G99: 23.07 | H99: 0 | I99: 0 | J99: =TRUNC(SUM(H99:I99),2) -> 0 | K99: =TRUNC(G99*H99,2) -> 0 | L99: =TRUNC(G99*I99,2) -> 0 | M99: =TRUNC(SUM(K99,L99),2) -> 0
D100: 5.2.3 | E100: PISO PODOTÁTIL DE ALERTA OU DIRECIONAL, DE BORRACHA, ASSENTADO SOBRE ARGAMASSA. AF_05/2020 | F100: m | G100: 86.5 | H100: 0 | I100: 0 | J100: =TRUNC(SUM(H100:I100),2) -> 0 | K100: =TRUNC(G100*H100,2) -> 0 | L100: =TRUNC(G100*I100,2) -> 0 | M100: =TRUNC(SUM(K100,L100),2) -> 0
E101: TOTAIS | K101: =SUM(K96:K100) -> 0 | L101: =SUM(L96:L100) -> 0
L102: =SUM(K101:L101) -> 0
D103: 6 | E103: DIVERSOS | M103: =TRUNC(SUM(M104:M109),2) -> 0
D104: 6.1 | E104: SINALIZAÇÃO DE IDENTIFICAÇÃO DE PAVIMENTO NO CORRIMÃO (10X3CM) PLACA EM AÇO INOX EM CARACTERES EM RELEVO E EM BRAILE FORNECIMENTO E INSTALAÇÃO | F104: un | G104: 1 | H104: 0 | I104: 0 | J104: =TRUNC(SUM(H104:I104),2) -> 0 | K104: =TRUNC(G104*H104,2) -> 0 | L104: =TRUNC(G104*I104,2) -> 0 | M104: =TRUNC(SUM(K104,L104),2) -> 0
D105: 6.2 | E105: PLACA DE IDENTIFICAÇÃO DE AMBIENTE EM ACRÍLICO COM TEXTO EM VINIL - 304 X 120 MM | F105: un | G105: 16 | H105: 0 | I105: 0 | J105: =TRUNC(SUM(H105:I105),2) -> 0 | K105: =TRUNC(G105*H105,2) -> 0 | L105: =TRUNC(G105*I105,2) -> 0 | M105: =TRUNC(SUM(K105,L105),2) -> 0
D106: 6.3 | E106: PLACA DE IDENTIFICAÇÃO DE ÁREA, EM ACRÍLICO 2MM COM TEXTO EM VINIL, FIXAÇÃO EM PAREDE - 680 X 200 MM | F106: un | G106: 2 | H106: 0 | I106: 0 | J106: =TRUNC(SUM(H106:I106),2) -> 0 | K106: =TRUNC(G106*H106,2) -> 0 | L106: =TRUNC(G106*I106,2) -> 0 | M106: =TRUNC(SUM(K106,L106),2) -> 0
D107: 6.4 | E107: PAINEL DIRECIONAL SIMPLES - FIXAÇÃO NA PAREDE 504 X 205mm | F107: un | G107: 4 | H107: 0 | I107: 0 | J107: =TRUNC(SUM(H107:I107),2) -> 0 | K107: =TRUNC(G107*H107,2) -> 0 | L107: =TRUNC(G107*I107,2) -> 0 | M107: =TRUNC(SUM(K107,L107),2) -> 0
...

Sheet Cronograma
B3: CRONOGRAMA FÍSICO-FINANCEIRO
H4: PARCELA 01 | L4: PARCELA 02 | P4: PARCELA 20 | T4: PARCELA 21 | X4: PARCELA 22 | AB4: PARCELA 23 | AF4: PARCELA 24 | AJ4: total percentual
G5: MATERIAL | I5: MÃO DE OBRA | K5: MATERIAL | M5: MÃO DE OBRA | O5: MATERIAL | Q5: MÃO DE OBRA | S5: MATERIAL | U5: MÃO DE OBRA | W5: MATERIAL | Y5: MÃO DE OBRA | AA5: MATERIAL | AC5: MÃO DE OBRA | AE5: MATERIAL | AG5: MÃO DE OBRA
A6: ÍTEM | B6: DISCRIMINAÇÃO | C6: MATER. TOTAL (R$) | D6: M.D.O. TOTAL (R$) | E6: TOTAL ÍTEM (R$) | F6: % | G6: (R$) | H6: % | I6: (R$) | J6: % | K6: (R$) | L6: % | M6: (R$) | N6: % | O6: (R$) | P6: % | Q6: (R$) | R6: % | S6: (R$) | T6: % | U6: (R$) | V6: % | W6: (R$) | X6: % | Y6: (R$) | Z6: % | AA6: (R$) | AB6: % | AC6: (R$) | AD6: % | AE6: (R$) | AF6: % | AG6: (R$) | AH6: %
B7: OBRA
A8: 1.1.1 | B8: =VLOOKUP(A8,Orçamento!$D$21:$M$162,2,FALSE) -> DEMOLIÇÕES, REMOÇÕES E RETIRADAS | C8: =Orçamento!K35 -> 0 | D8: =Orçamento!L35 -> 0 | E8: =C8+D8 -> 0 | F8: =+E8/E22*100 -> #DIV/0! | G8: =+H8*$C8 -> 0 | H8: 0 | I8: =+J8*$D8 -> 0 | J8: =H8 -> 0 | K8: =+L8*$C8 -> 0 | L8: 0 | M8: =+N8*$D8 -> 0 | N8: =L8 -> 0 | O8: =+P8*$C8 -> 0 | P8: 0 | Q8: =+R8*$D8 -> 0 | R8: 0 | S8: =+T8*$C8 -> 0 | T8: 0 | U8: =+V8*$D8 -> 0 | V8: 0 | W8: =+X8*$C8 -> 0 | X8: 0 | Y8: =+Z8*$D8 -> 0 | Z8: 0 | AA8: =+AB8*$C8 -> 0 | AB8: 0 | AC8: =+AD8*$D8 -> 0 | AD8: 0 | AE8: =+AF8*$C8 -> 0 | AF8: 0 | AG8: =+AH8*$D8 -> 0 | AH8: 0 | AJ8: =+AF8+AB8+X8+T8+P8+#REF!+L8+H8 -> #REF! | AK8: =+AH8+AD8+Z8+V8+R8+#REF!+N8+J8 -> #REF! | AL8: 1
A9: 1.2 | B9: =VLOOKUP(A9,Orçamento!$D$21:$M$162,2,FALSE) -> INSTALAÇÕES PROVISÓRIAS | C9: =Orçamento!K42 -> 0 | D9: =Orçamento!L42 -> 0 | E9: =C9+D9 -> 0 | F9: =+E9/E$22*100 -> #DIV/0! | G9: =+H9*$C9 -> 0 | H9: 0 | I9: =+J9*$D9 -> 0 | J9: =H9 -> 0 | K9: =+L9*$C9 -> 0 | L9: 0 | M9: =+N9*$D9 -> 0 | N9: =L9 -> 0 | O9: =+P9*$C9 -> 0 | P9: 0 | Q9: =+R9*$D9 -> 0 | R9: 0 | S9: =+T9*$C9 -> 0 | T9: 0 | U9: =+V9*$D9 -> 0 | V9: 0 | W9: =+X9*$C9 -> 0 | X9: 0 | Y9: =+Z9*$D9 -> 0 | Z9: 0 | AA9: =+AB9*$C9 -> 0 | AB9: 0 | AC9: =+AD9*$D9 -> 0 | AD9: 0 | AE9: =+AF9*$C9 -> 0 | AF9: 0 | AG9: =+AH9*$D9 -> 0 | AH9: 0 | AJ9: =+AF9+AB9+X9+T9+P9+#REF!+L9+H9 -> #REF! | AK9: =+AH9+AD9+Z9+V9+R9+#REF!+N9+J9 -> #REF! | AL9: 2
A10: 1.3 | B10: =VLOOKUP(A10,Orçamento!$D$21:$M$162,2,FALSE) -> ADMINISTRAÇÃO DOS SERVIÇOS | C10: =Orçamento!K47 -> 0 | D10: =Orçamento!L47 -> 0 | E10: =C10+D10 -> 0 | F10: =+E10/E$22*100 -> #DIV/0! | G10: =+H10*$C10 -> 0 | H10: 0 | I10: =+J10*$D10 -> 0 | J10: =H10 -> 0 | K10: =+L10*$C10 -> 0 | L10: 0 | M10: =+N10*$D10 -> 0 | N10: =L10 -> 0 | O10: =+P10*$C10 -> 0 | P10: 0 | Q10: =+R10*$D10 -> 0 | R10: 0 | S10: =+T10*$C10 -> 0 | T10: 0 | U10: =+V10*$D10 -> 0 | V10: 0 | W10: =+X10*$C10 -> 0 | X10: 0 | Y10: =+Z10*$D10 -> 0 | Z10: 0 | AA10: =+AB10*$C10 -> 0 | AB10: 0 | AC10: =+AD10*$D10 -> 0 | AD10: 0 | AE10: =+AF10*$C10 -> 0 | AF10: 0 | AG10: =+AH10*$D10 -> 0 | AH10: 0 | AJ10: =+AF10+AB10+X10+T10+P10+#REF!+L10+H10 -> #REF! | AK10: =+AH10+AD10+Z10+V10+R10+#REF!+N10+J10 -> #REF! | AL10: 3
A11: 1.4 | B11: =VLOOKUP(A11,Orçamento!$D$21:$M$162,2,FALSE) -> LIMPEZA DA OBRA | C11: =Orçamento!K52 -> 0 | D11: =Orçamento!L52 -> 0 | E11: =C11+D11 -> 0 | F11: =+E11/E$22*100 -> #DIV/0! | G11: =+H11*$C11 -> 0 | H11: 0 | I11: =+J11*$D11 -> 0 | J11: =H11 -> 0 | K11: =+L11*$C11 -> 0 | L11: 0 | M11: =+N11*$D11 -> 0 | N11: =L11 -> 0 | O11: =+P11*$C11 -> 0 | P11: 0 | Q11: =+R11*$D11 -> 0 | R11: 0 | S11: =+T11*$C11 -> 0 | T11: 0 | U11: =+V11*$D11 -> 0 | V11: 0 | W11: =+X11*$C11 -> 0 | X11: 0 | Y11: =+Z11*$D11 -> 0 | Z11: 0 | AA11: =+AB11*$C11 -> 0 | AB11: 0 | AC11: =+AD11*$D11 -> 0 | AD11: 0 | AE11: =+AF11*$C11 -> 0 | AF11: 0 | AG11: =+AH11*$D11 -> 0 | AH11: 0 | AJ11: =+AF11+AB11+X11+T11+P11+#REF!+L11+H11 -> #REF! | AK11: =+AH11+AD11+Z11+V11+R11+#REF!+N11+J11 -> #REF! | AL11: 4
A12: 2 | B12: =VLOOKUP(A12,Orçamento!$D$21:$M$162,2,FALSE) -> VEDAÇÕES - ALVENARIA E DIVISÓRIAS | C12: =Orçamento!K57 -> 0 | D12: =Orçamento!L57 -> 0 | E12: =C12+D12 -> 0 | F12: =+E12/E$22*100 -> #DIV/0! | G12: =+H12*$C12 -> 0 | H12: 0 | I12: =+J12*$D12 -> 0 | J12: =H12 -> 0 | K12: =+L12*$C12 -> 0 | L12: 0 | M12: =+N12*$D12 -> 0 | N12: =L12 -> 0 | AJ12: =+AF12+AB12+X12+T12+P12+#REF!+L12+H12 -> #REF! | AK12: =+AH12+AD12+Z12+V12+R12+#REF!+N12+J12 -> #REF! | AL12: 6
A13: 3 | B13: =VLOOKUP(A13,Orçamento!$D$21:$M$162,2,FALSE) -> ESQUADRIAS | C13: =Orçamento!K67 -> 0 | D13: =Orçamento!L67 -> 0 | E13: =C13+D13 -> 0 | F13: =+E13/E28*100 -> #DIV/0! | G13: =+H13*$C13 -> 0 | H13: 0 | I13: =+J13*$D13 -> 0 | J13: =H13 -> 0 | K13: =+L13*$C13 -> 0 | L13: 0 | M13: =+N13*$D13 -> 0 | N13: =L13 -> 0 | O13: =+P13*$C13 -> 0 | P13: 0 | Q13: =+R13*$D13 -> 0 | R13: 0 | S13: =+T13*$C13 -> 0 | T13: 0 | U13: =+V13*$D13 -> 0 | V13: 0 | W13: =+X13*$C13 -> 0 | X13: 0 | Y13: =+Z13*$D13 -> 0 | Z13: 0 | AA13: =+AB13*$C13 -> 0 | AB13: 0 | AC13: =+AD13*$D13 -> 0 | AD13: 0 | AE13: =+AF13*$C13 -> 0 | AF13: 0 | AG13: =+AH13*$D13 -> 0 | AH13: 0 | AJ13: =+AF13+AB13+X13+T13+P13+#REF!+L13+H13 -> #REF! | AK13: =+AH13+AD13+Z13+V13+R13+#REF!+N13+J13 -> #REF! | AL13: 1
A14: 4 | B14: =VLOOKUP(A14,Orçamento!$D$21:$M$162,2,FALSE) -> REVESTIMENTOS, PINTURAS, ACESSÓRIOS SANITÁRIOS | C14: =Orçamento!K92 -> 0 | D14: =Orçamento!L92 -> 0 | E14: =C14+D14 -> 0 | F14: =+E14/E$22*100 -> #DIV/0! | G14: =+H14*$C14 -> 0 | H14: 0 | I14: =+J14*$D14 -> 0 | J14: =H14 -> 0 | K14: =+L14*$C14 -> 0 | L14: 0 | M14: =+N14*$D14 -> 0 | N14: =L14 -> 0 | O14: =+P14*$C14 -> 0 | P14: 0 | Q14: =+R14*$D14 -> 0 | R14: 0 | S14: =+T14*$C14 -> 0 | T14: 0 | U14: =+V14*$D14 -> 0 | V14: 0 | W14: =+X14*$C14 -> 0 | X14: 0 | Y14: =+Z14*$D14 -> 0 | Z14: 0 | AA14: =+AB14*$C14 -> 0 | AB14: 0 | AC14: =+AD14*$D14 -> 0 | AD14: 0 | AE14: =+AF14*$C14 -> 0 | AF14: 0 | AG14: =+AH14*$D14 -> 0 | AH14: 0 | AJ14: =+AF14+AB14+X14+T14+P14+#REF!+L14+H14 -> #REF! | AK14: =+AH14+AD14+Z14+V14+R14+#REF!+N14+J14 -> #REF! | AL14: 2
A15: 5 | B15: =VLOOKUP(A15,Orçamento!$D$21:$M$162,2,FALSE) -> PISOS | C15: =Orçamento!K101 -> 0 | D15: =Orçamento!L101 -> 0 | E15: =C15+D15 -> 0 | F15: =+E15/E$22*100 -> #DIV/0! | G15: =+H15*$C15 -> 0 | H15: 0 | I15: =+J15*$D15 -> 0 | J15: =H15 -> 0 | K15: =+L15*$C15 -> 0 | L15: 0 | M15: =+N15*$D15 -> 0 | N15: =L15 -> 0 | O15: =+P15*$C15 -> 0 | P15: 0 | Q15: =+R15*$D15 -> 0 | R15: 0 | S15: =+T15*$C15 -> 0 | T15: 0 | U15: =+V15*$D15 -> 0 | V15: 0 | W15: =+X15*$C15 -> 0 | X15: 0 | Y15: =+Z15*$D15 -> 0 | Z15: 0 | AA15: =+AB15*$C15 -> 0 | AB15: 0 | AC15: =+AD15*$D15 -> 0 | AD15: 0 | AE15: =+AF15*$C15 -> 0 | AF15: 0 | AG15: =+AH15*$D15 -> 0 | AH15: 0 | AJ15: =+AF15+AB15+X15+T15+P15+#REF!+L15+H15 -> #REF! | AK15: =+AH15+AD15+Z15+V15+R15+#REF!+N15+J15 -> #REF! | AL15: 3
A16: 6 | B16: =VLOOKUP(A16,Orçamento!$D$21:$M$162,2,FALSE) -> DIVERSOS | C16: =Orçamento!K110 -> 0 | D16: =Orçamento!L110 -> 0 | E16: =C16+D16 -> 0 | F16: =+E16/E$22*100 -> #DIV/0! | G16: =+H16*$C16 -> 0 | H16: 0 | I16: =+J16*$D16 -> 0 | J16: =H16 -> 0 | K16: =+L16*$C16 -> 0 | L16: 0 | M16: =+N16*$D16 -> 0 | N16: =L16 -> 0 | O16: =+P16*$C16 -> 0 | P16: 0 | Q16: =+R16*$D16 -> 0 | R16: 0 | S16: =+T16*$C16 -> 0 | T16: 0 | U16: =+V16*$D16 -> 0 | V16: 0 | W16: =+X16*$C16 -> 0 | X16: 0 | Y16: =+Z16*$D16 -> 0 | Z16: 0 | AA16: =+AB16*$C16 -> 0 | AB16: 0 | AC16: =+AD16*$D16 -> 0 | AD16: 0 | AE16: =+AF16*$C16 -> 0 | AF16: 0 | AG16: =+AH16*$D16 -> 0 | AH16: 0 | AJ16: =+AF16+AB16+X16+T16+P16+#REF!+L16+H16 -> #REF! | AK16: =+AH16+AD16+Z16+V16+R16+#REF!+N16+J16 -> #REF! | AL16: 4
A17: 7 | B17: =VLOOKUP(A17,Orçamento!$D$21:$M$162,2,FALSE) -> ELEVADOR | C17: =Orçamento!K114 -> 0 | D17: =Orçamento!L114 -> 0 | E17: =C17+D17 -> 0 | F17: =+E17/E$22*100 -> #DIV/0! | G17: =+H17*$C17 -> 0 | H17: 0 | I17: =+J17*$D17 -> 0 | J17: =H17 -> 0 | K17: =+L17*$C17 -> 0 | L17: 0 | M17: =+N17*$D17 -> 0 | N17: =L17 -> 0 | O17: =+P17*$C17 -> 0 | P17: 0 | Q17: =+R17*$D17 -> 0 | R17: 0 | S17: =+T17*$C17 -> 0 | T17: 0 | U17: =+V17*$D17 -> 0 | V17: 0 | W17: =+X17*$C17 -> 0 | X17: 0 | Y17: =+Z17*$D17 -> 0 | Z17: 0 | AA17: =+AB17*$C17 -> 0 | AB17: 0 | AC17: =+AD17*$D17 -> 0 | AD17: 0 | AE17: =+AF17*$C17 -> 0 | AF17: 0 | AG17: =+AH17*$D17 -> 0 | AH17: 0 | AJ17: =+AF17+AB17+X17+T17+P17+#REF!+L17+H17 -> #REF! | AK17: =+AH17+AD17+Z17+V17+R17+#REF!+N17+J17 -> #REF! | AL17: 5
A18: 8 | B18: =VLOOKUP(A18,Orçamento!$D$21:$M$162,2,FALSE) -> ENTREGA FINAL | C18: =Orçamento!K119 -> 0 | D18: =Orçamento!L119 -> 0 | E18: =C18+D18 -> 0 | F18: =+E18/E$22*100 -> #DIV/0! | G18: =+H18*$C18 -> 0 | H18: 0 | I18: =+J18*$D18 -> 0 | J18: =H18 -> 0 | K18: =+L18*$C18 -> 0 | L18: 0 | M18: =+N18*$D18 -> 0 | N18: =L18 -> 0 | AJ18: =+AF18+AB18+X18+T18+P18+#REF!+L18+H18 -> #REF! | AK18: =+AH18+AD18+Z18+V18+R18+#REF!+N18+J18 -> #REF! | AL18: 6
B22: VALOR TOTAL DO ORÇAMENTO - OBRA | C22: =TRUNC(SUM(C8:C12),2) -> 0 | D22: =TRUNC(SUM(D8:D12),2) -> 0 | E22: =SUM(E8:E12) -> 0 | F22: =SUM(F8:F12) -> #DIV/0!
B24: VALOR TOTAL MATERIAL (Custo de mercado) | G24: =SUM(G8:G20) -> 0 | H24: =+G24/$C22 -> #DIV/0! | K24: =SUM(K8:K20) -> 0 | L24: =+K24/$C22 -> #DIV/0! | O24: =SUM(O8:O20) -> 0 | P24: =+O24/$C22 -> #DIV/0! | S24: =SUM(S8:S20) -> 0 | T24: =+S24/$C22 -> #DIV/0! | W24: =SUM(W8:W20) -> 0 | X24: =+W24/$C22 -> #DIV/0! | AA24: =SUM(AA8:AA20) -> 0 | AB24: =+AA24/$C22 -> #DIV/0! | AE24: =SUM(AE8:AE20) -> 0 | AF24: =+AE24/$C22 -> #DIV/0!
B25: VALOR TOTAL MÃO DE OBRA (Custo de mercado) | I25: =SUM(I8:I20) -> 0 | J25: =+I25/$D22 -> #DIV/0! | M25: =SUM(M8:M20) -> 0 | N25: =+M25/$D22 -> #DIV/0! | Q25: =SUM(Q8:Q22) -> 0 | R25: =+Q25/$D22 -> #DIV/0! | U25: =SUM(U8:U22) -> 0 | V25: =+U25/$D22 -> #DIV/0! | Y25: =SUM(Y8:Y22) -> 0 | Z25: =+Y25/$D22 -> #DIV/0! | AC25: =SUM(AC8:AC22) -> 0 | AD25: =+AC25/$D22 -> #DIV/0! | AG25: =SUM(AG8:AG22) -> 0 | AH25: =+AG25/$D22 -> #DIV/0!
B27: Valor Total de Material com BDI - Obra | C27: =TRUNC(+C22+C22*Orçamento!$G$140/100,2) -> 0 | G27: =+G24+G24*Orçamento!$G$140/100 -> 0 | K27: =+K24+K24*Orçamento!$G$140/100 -> 0 | O27: =+O24+O24*[1]Orçamentária!$G566/100 -> 0 | S27: =+S24+S24*[1]Orçamentária!$G566/100 -> 0 | W27: =+W24+W24*[1]Orçamentária!$G566/100 -> 0 | AA27: =+AA24+AA24*[1]Orçamentária!$G566/100 -> 0 | AE27: =+AE24+AE24*[1]Orçamentária!$G566/100 -> 0
B28: Valor Total de Mão de Obra com BDI - Obra | D28: =TRUNC(+D22+D22*Orçamento!$G$140/100,2) -> 0 | E28: =SUM(C27,D28) -> 0 | I28: =+I25+I25*Orçamento!$G$140/100 -> 0 | M28: =+M25+M25*Orçamento!$G$140/100 -> 0 | Q28: =+Q25+Q25*[1]Orçamentária!$G566/100 -> 0 | U28: =+U25+U25*[1]Orçamentária!$G566/100 -> 0 | Y28: =+Y25+Y25*[1]Orçamentária!$G566/100 -> 0 | AC28: =+AC25+AC25*[1]Orçamentária!$G566/100 -> 0 | AG28: =+AG25+AG25*[1]Orçamentária!$G566/100 -> 0
B31: Profissional responsável pelo orçamento:
B32: Número de Registro no CREA ou CAU:
B33: Número da ART ou RRT:
E36: Assinatura
H40: OBSERVAÇÕES:
H41: 1 - As informações mínimas que deverão constar no Cronograma Físico Financeiro são: - Valor e percentual
H42: de material e mão de obra referente a cada parcela, valor total da parcela, valor de material por parcela,
H43: valor de mão de obra por parcela, percentual referente a cada parcela em relação ao custo da Obra.
H44: 2 - O Cronograma acima deverá ser apresentado utilizando papel timbrado da empresa;
H45: 3 - Os itens elencados acima são referentes a obra ora em licitação, e servirão de referências para cotação.
